 Seeded DCSS version 0.28-a0-1227-ga9037bb4c8 (webtiles) character file.

Game seed: 20211215 (custom seed)

25964 muata the Severer (level 12, -4/177 HPs)
             Began as a Minotaur Berserker on Dec 21, 2021.
             Was an Elder of Trog.
             Slain by an ettin (14 damage)
             ... on level 2 of the Orcish Mines on Dec 23, 2021.
             The game lasted 00:39:21 (13545 turns).

muata the Severer (Minotaur Berserker)             Turns: 13545, Time: 00:39:22

Health: -4/177     AC: 30    Str: 26    XL:     12   Next: 94%
Magic:  11/11      EV:  9    Int:  8    God:    Trog [****..]
Gold:   923        SH:  0    Dex: 15    Spells: 11/11 levels left

rFire   . . .      SeeInvis +   l - +0 war axe
rCold   x . .      Faith    .   (no shield)
rNeg    . . .      Spirit   .   g - +0 plate armour
rPois   .          Reflect  .   (helmet restricted)
rElec   .          Harm     .   s - +0 cloak "Vepumit" {+Inv rC- Int+4 Dex+4}
rCorr   .          Rampage  .   e - +2 pair of gloves
Will    .....                   p - +2 pair of boots
Stlth   ..........              (no amulet)
HPRegen 0.39/turn               t - +4 ring of protection
MPRegen 0.12/turn               y - ring of see invisible

@: berserking, very quick
A: horns 2, retaliatory headbutt
a: Renounce Religion, Evoke Invisibility, Berserk, Trog's Hand, Brothers in Arms


You were on level 2 of the Orcish Mines.
You worshipped Trog.
Trog was greatly pleased with you.
You visited 2 branches of the dungeon, and saw 13 of its levels.

You collected 923 gold pieces.

Inventory:

Hand Weapons
 l - a +0 war axe (weapon)
 N - a +0 battleaxe
Missiles
 d - 12 boomerangs (quivered)
Armour
 e - a +2 pair of gloves (worn)
 g - a +0 plate armour (worn)
 i - a +0 scale mail
 p - a +2 pair of boots (worn)
 s - the +0 cloak "Vepumit" (worn) {+Inv rC- Int+4 Dex+4}
   (You found it on level 4 of the Dungeon)

   Int:       It affects your intelligence (+4).
   Dex:       It affects your dexterity (+4).
   rC:        It makes you vulnerable to cold.
   +Inv:      It lets you turn invisible.
Jewellery
 b - a ring of resist corrosion
 t - a +4 ring of protection (left hand)
 y - a ring of see invisible (right hand)
Wands
 x - a wand of flame (21)
 C - a wand of polymorph (7)
 I - a wand of iceblast (17)
 K - a wand of digging (9)
 M - a wand of mindburst (12)
Scrolls
 c - 3 scrolls of teleportation
 k - a scroll of brand weapon {unknown}
 m - a scroll of noise {unknown}
 o - 2 scrolls of magic mapping {unknown}
 q - a scroll of vulnerability {unknown}
 r - 2 scrolls of blinking {unknown}
 u - a scroll of amnesia {unknown}
 w - a scroll of immolation {unknown}
 A - 2 scrolls of enchant armour {unknown}
 E - 2 scrolls of holy word
 G - 2 scrolls of acquirement {unknown}
 J - a scroll of summoning {unknown}
Potions
 a - 2 potions of ambrosia {unknown}
 f - 4 potions of heal wounds {unknown}
 h - 3 potions of flight
 j - 2 potions of magic {unknown}
 v - 3 potions of lignification {unknown}
 z - a potion of berserk rage {unknown}
 B - 2 potions of mutation {unknown}
 D - 4 potions of curing {unknown}
 F - a potion of resistance {unknown}
 H - 2 potions of brilliance {unknown}
 L - a potion of cancellation {unknown}
Miscellaneous
 n - a piece from Xom's chessboard (15/15)


   Skills:
 + Level 14.4 Fighting
 - Level 16.0 Axes
 + Level 15.7 Armour
 - Level 2.1 Dodging


You had 11 spell levels left.
You didn't know any spells.
Your spell library was empty.

Dungeon Overview and Level Annotations

Branches:
Dungeon (11/15)            Temple (0/1) D:7            Lair (0/6) D:10
    Orc (2/2) D:9             Elf (0/3) Orc:2

Altars:
Cheibriados
Dithmenos
Fedhas
Kikubaaqudgha
Okawaru
Yredelemnul
Beogh

Shops:
D:10 (   Orc:1 [(   Orc:2 =[[:

Annotations:
D:4 3 runed translucent doors, Fractals's ghost, amateur GrMo


Innate Abilities, Weirdness & Mutations

You have a pair of horns on your head.
You reflexively headbutt those who attack you in melee.


Message History

The ettin hits you with a +0 great mace!!
The ettin hits you with a +0 dire flail!
The orc warrior hits you from afar with a +0 glaive!
You slash the ettin! Your headbutt misses the ettin.
The ettin is moderately wounded.
You closely miss the orc. You hit the orc. You completely miss the warg.
You barely miss the ettin. You headbutt the ettin.
The ettin is moderately wounded.
You slash the orc!
You kill the orc!
Trog accepts your kill.
You slash the orc!
You kill the orc!
Trog accepts your kill.
You hit the warg. The warg bites you but does no damage.
Cleave: l) +0 war axe
Press: ? - help, Dir - move target, f - warg
Aim: a warg (lightly wounded, about 35% to evade your +0 war axe)
You barely miss the warg. You headbutt the warg!!
The warg is severely wounded.
You hit the ettin.
The ettin hits you with a +0 great mace!!
* * * LOW HITPOINT WARNING * * *
The ettin hits you with a +0 dire flail!!
* * * LOW HITPOINT WARNING * * *
The orc warrior closely misses you.
Cleave: l) +0 war axe
Press: ? - help, Dir - move target, f - ettin, p - warg
Aim: an ettin, wielding a +0 great mace and a +0 dire flail (moderately wounded, about 13% to evade your +0 war axe)
You hit the ettin. You headbutt the ettin.
The ettin is moderately wounded.
You slash the warg! The warg bites you but does no damage.
Cleave: l) +0 war axe
Press: ? - help, Dir - move target, f/p - ettin
Aim: an ettin, wielding a +0 great mace and a +0 dire flail (moderately wounded, about 14% to evade your +0 war axe)
You hit the ettin. You headbutt the ettin!
The ettin is severely wounded.
You closely miss the warg.
The ettin hits you with a +0 great mace!
You die...

.....#....########).<..#.........
.........## ###...#..........
..........# ##................
......##..######.................
.....###...##...#............##..
......###.#...................##.
......####.....o.....#...........
.......###..#.#hC)..####...>..#..
.##.#..#.......#@)...#...........
####..........####..#............
.........###.## ##.##...........
.....#....#### ##...##....#...#.
...#####.## #....#.........##
.### ### ##............## ..#
#.........#..### .##
##.##..........# ##
##.###...#......


You could see an ettin, a warg and an orc warrior.

Vanquished Creatures
  Erolcha (D:9)
  4 ogre magi (Orc:2)
  A hydra (D:9)
  Erica (D:9)
  14 two-headed ogres
  An orc knight (Orc:2)
  Pikel (D:5)
  An orc sorcerer (Orc:2)
  2 cyclopes
  Maggie (D:6)
  A troll (Orc:1)
  Prince Ribbit (D:6)
  2 dream sheep (D:9)
  2 vampires
  14 yaks
  A wyvern (D:9)
  3 steam dragons
  4 vampire mosquitoes (D:9)
  Menkaure (D:5)
  A black bear (D:6)
  10 orc warriors
  2 ice beasts
  A sky beast (D:6)
  29 ogres
  2 centaurs
  5 kobold brigands
  6 bullfrogs
  A gnoll sergeant (D:9)
  2 scorpions (D:7)
  9 wights (D:8)
  3 vampire bats (D:10)
  3 howler monkeys
  3 centaur zombies
  3 bullfrog zombies
  5 hounds
  A jelly (D:4)
  Crazy Yiuf (D:6)
  A centaur skeleton (D:4)
  2 bullfrog skeletons (D:6)
  10 orc priests
  A gnoll shaman (D:10)
  2 iguanas
  7 orc wizards
  A killer bee zombie (D:9)
  5 howler monkey zombies
  12 gnolls
  5 adders
  An adder skeleton (D:4)
  2 worms (D:2)
  5 dart slugs
  63 orcs
  3 bat skeletons (D:10)
  3 bat zombies (D:10)
  12 endoplasms
  3 giant cockroaches
  5 goblins
  9 hobgoblins
  8 kobolds
  3 quokkas
  9 ball pythons
  4 bats
  2 frilled lizards (D:3)
  6 rats
327 creatures vanquished.

Vanquished Creatures (others)
  An orc wizard (D:8)
  An orc (D:9)
  A fungus (D:4)
  6 plants
9 creatures vanquished.

Grand Total: 336 creatures vanquished

Notes
Turn   | Place    | Note
-------+----------+-------------------------------------------
     0 | D:1      | muata the Minotaur Berserker began the quest for the Orb.
     0 | D:1      | Reached XP level 1. HP: 19/19 MP: 0/0
    84 | D:1      | Upgraded the game from 0.28-a0-1206-g193881aaa2 to
                  | 0.28-a0-1213-g0243856f03
   104 | D:1      | Reached skill level 4 in Axes
   121 | D:1      | Reached XP level 2. HP: 22/27 MP: 1/1
   584 | D:1      | Found a faded altar of an unknown god.
   808 | D:1      | Reached XP level 3. HP: 27/34 MP: 2/2
  1483 | D:3      | Reached ** piety under Trog
  1732 | D:3      | Reached XP level 4. HP: 36/41 MP: 3/3
  1783 | D:3      | Reached skill level 5 in Axes
  1908 | D:3      | Reached skill level 5 in Fighting
  2559 | D:3      | HP: 2/63 [orc priest (5)]
  2561 | D:3      | Reached XP level 5. HP: 3/48 MP: 4/4
  2873 | D:3      | Found a basalt altar of Yredelemnul.
  3245 | D:4      | Reached skill level 6 in Axes
  3275 | D:4      | Found a runed translucent gate.
  3275 | D:4      | Found a runed translucent gate.
  3275 | D:4      | Found a runed translucent gate.
  3287 | D:4      | Noticed Fractals's ghost (amateur GrMo)
  3480 | D:4      | Reached XP level 6. HP: 48/57 MP: 5/5
  3580 | D:4      | Identified the +0 cloak "Vepumit" {+Inv rC- Int+4 Dex+4}
  3615 | D:4      | Found an iron altar of Okawaru.
  3949 | D:5      | Entered Level 5 of the Dungeon
  3965 | D:5      | Noticed Pikel
  3975 | D:5      | Killed Pikel
  3976 | D:5      | Reached skill level 9 in Axes
  3976 | D:5      | Reached XP level 7. HP: 60/63 MP: 6/6
  4099 | D:5      | Reached *** piety under Trog
  4118 | D:5      | Noticed Menkaure
  4124 | D:5      | Killed Menkaure
  4125 | D:5      | Reached skill level 10 in Axes
  4510 | D:6      | Noticed Maggie
  4515 | D:6      | Reached XP level 8. HP: 66/70 MP: 7/7
  4520 | D:6      | Killed Maggie
  4521 | D:6      | Reached skill level 11 in Axes
  4694 | D:6      | Reached skill level 12 in Axes
  4842 | D:6      | Upgraded the game from 0.28-a0-1213-g0243856f03 to
                  | 0.28-a0-1227-ga9037bb4c8
  4870 | D:6      | Found a runed translucent door.
  4871 | D:6      | Noticed Crazy Yiuf
  5187 | D:6      | Reached skill level 13 in Axes
  5252 | D:6      | Noticed Prince Ribbit
  5259 | D:6      | Killed Prince Ribbit
  5260 | D:6      | Reached XP level 9. HP: 75/75 MP: 8/8
  5515 | D:6      | Killed Crazy Yiuf
  5635 | D:7      | Reached skill level 14 in Axes
  5863 | D:7      | Found a blossoming altar of Fedhas.
  5935 | D:7      | Reached skill level 15 in Axes
  6065 | D:7      | Found a staircase to the Ecumenical Temple.
  6656 | D:8      | Noticed a cyclops
  6668 | D:8      | Killed a cyclops
  6669 | D:8      | Reached skill level 16 in Axes
  6881 | D:8      | Reached skill level 5 in Armour
  6881 | D:8      | Reached XP level 10. HP: 83/83 MP: 9/9
  7276 | D:8      | Found a shadowy altar of Dithmenos.
  7692 | D:9      | Noticed Erica
  7701 | D:9      | Killed Erica
  7869 | D:9      | Found a staircase to the Orcish Mines.
  8234 | D:9      | Reached skill level 10 in Armour
  8306 | D:9      | Reached **** piety under Trog
  8438 | D:9      | Noticed a two-headed ogre
  8443 | D:9      | Killed a two-headed ogre
  8753 | D:9      | Noticed Erolcha
  8771 | D:9      | Killed Erolcha
  8772 | D:9      | Reached XP level 11. HP: 67/89 MP: 10/10
  9130 | D:9      | Noticed a three-headed hydra
  9140 | D:9      | Killed an 11-headed hydra
  9246 | D:10     | Entered Level 10 of the Dungeon
  9254 | D:10     | Identified the +5 long sword "Xushruots" {freeze, Int+6}
  9284 | D:10     | Found Unuifan's Weapon Boutique.
  9324 | D:10     | Identified the +1 robe "Jesiw" {rElec rN+ Will+}
  9500 | D:10     | Found a staircase to the Lair.
  9989 | D:10     | Found an ancient bone altar of Kikubaaqudgha.
 10075 | D:10     | Reached skill level 10 in Fighting
 10168 | D:10     | Found a snail-covered altar of Cheibriados.
 10782 | Orc:1    | Entered Level 1 of the Orcish Mines
 10782 | Orc:1    | Found Hoalou Ucar's Armour Boutique.
 10782 | Orc:1    | Found Ahoph's Antique Weapon Shoppe.
 10882 | Orc:2    | Entered Level 2 of the Orcish Mines
 11184 | Orc:2    | Found a staircase to the Elven Halls.
 11382 | Orc:2    | Noticed a two-headed ogre
 11397 | Orc:1    | Noticed an orc sorcerer
 11405 | Orc:2    | Killed a two-headed ogre
 11446 | Orc:2    | Noticed a two-headed ogre
 11446 | Orc:2    | Noticed a two-headed ogre
 11446 | Orc:2    | Noticed a two-headed ogre
 11447 | Orc:2    | Noticed a two-headed ogre
 11496 | Orc:1    | Killed a two-headed ogre
 11893 | Orc:2    | Killed a two-headed ogre
 11896 | Orc:2    | Killed a two-headed ogre
 11897 | Orc:2    | Reached XP level 12. HP: 103/111 MP: 11/11
 11900 | Orc:2    | Killed a two-headed ogre
 11955 | Orc:2    | Noticed a two-headed ogre
 11965 | Orc:2    | Killed a two-headed ogre
 11965 | Orc:2    | Reached ***** piety under Trog
 12205 | Orc:2    | Noticed a two-headed ogre
 12215 | Orc:2    | Killed a two-headed ogre
 12225 | Orc:2    | Noticed an ogre mage
 12235 | Orc:2    | Killed an ogre mage
 12243 | Orc:2    | Noticed an ogre mage
 12274 | Orc:2    | Noticed an ogre mage
 12284 | Orc:2    | Killed an ogre mage
 12295 | Orc:2    | Noticed a two-headed ogre
 12304 | Orc:2    | Killed a two-headed ogre
 12414 | Orc:2    | Found Gam Nid's Book Shop.
 12414 | Orc:2    | Found Erasyol's Antique Armour Emporium.
 12414 | Orc:2    | Found Hiuw's Armour Emporium.
 12414 | Orc:2    | Found Werudiceke's Jewellery Boutique.
 12436 | Orc:2    | Noticed a two-headed ogre
 12583 | Orc:2    | Killed an ogre mage
 12673 | Orc:2    | Noticed a two-headed ogre
 12676 | Orc:2    | Noticed a two-headed ogre
 12682 | Orc:2    | Killed a two-headed ogre
 12686 | Orc:2    | Killed a two-headed ogre
 12687 | Orc:2    | Reached skill level 15 in Armour
 12696 | Orc:2    | Noticed a two-headed ogre
 12708 | Orc:2    | Killed a two-headed ogre
 12807 | Orc:2    | Noticed an ogre mage
 12827 | Orc:2    | Killed a two-headed ogre
 12836 | Orc:2    | Paralysed by an ogre mage for 6 turns
 12850 | Orc:2    | Killed an ogre mage
 12861 | Orc:2    | Noticed a two-headed ogre
 12869 | Orc:2    | Killed a two-headed ogre
 13537 | Orc:1    | Noticed an ettin
 13545 | Orc:2    | Slain by an ettin

Illustrated notes

Levels and vault maps discovered:
D:1:      zelgadis_glass_arrival_small, layout_basic,
          hellmonk_ecumenical_altar_heavens_door, minmay_split_cup_large
D:2:      layout_rooms
D:3:      minmay_skewed_foursquare, layout_basic, yredelemnul_altar_generic,
          mrwooster_statue_mirror, minmay_misc_feat_iff, serial_bayou_pond_b
D:4:      layout_basic, okawaru_gym_becter, gammafunk_ghost_nasty_kobolds
D:5:      lemuel_ice_spiral_2, layout_rooms, chequers_serial_rivers_marsh,
          uniq_menkaure, uniq_pikel
D:6:      layout_loops_corners, uniq_prince_ribbit1, uniq_crazy_yiuf_cottage,
          uniq_maggie
D:7:      layout_basic, fedhas_bush_and_centaur_altar, minmay_temple_entry_wispy
D:8:      layout_gridville, nicolae_dithmenos_through_a_glass_darkly
D:9:      layout_loops_ring, hiddenorc2_lemuel, hangedman_ranch, uniq_erica,
          uniq_erolcha
D:10:     layout_layer_cave, mainiacjoe_overflow_24_doors,
          kennysheep_vampire_church, lair_entry_dummy, minmay_shop_grid_forest
D:11:     layout_long_grid, serial_rivers, chequers_serial_rivers_micro_b,
          chequers_serial_rivers_small_b, chequers_serial_rivers_small_3,
          chequers_serial_rivers_micro_c, chequers_serial_rivers_large_a,
          chequers_serial_rivers_micro_c, hellmonk_guarded_unrand_frostbite
Orc:1:    layout_caves, serial_shops, shop_fountains, shop
Orc:2:    st_orc_ogre_mass, layout_caves, mines2_david

Skill      XL: |  1  2  3  4  5  6  7  8  9 10 11 12 |
---------------+-------------------------------------+-----
Fighting       | 4 5 6 11 14 | 14.4
Axes           | 4 5 6 9 10 13 16 | 16.0
Armour         | 5 12 13 15 | 15.7
Dodging        | |  2.1

Action                   |  1- 3 |  4- 6 |  7- 9 | 10-12 || total
-------------------------+-------+-------+-------+-------++-------
Melee: Hand axe          |    78 |     7 |       |       ||    85
       Headbutt          |    13 |    17 |    44 |   138 ||   212
       War axe           |       |    81 |   140 |   491 ||   712
Invok: Berserk           |       |     2 |     6 |    19 ||    27
       Trog's Hand       |       |       |     3 |     3 ||     6
       Brothers in Arms  |       |       |       |     1 ||     1
  Use: Scroll            |       |       |       |     5 ||     5
Armor: Animal skin       |     3 |       |       |       ||     3
       Scale mail        |    16 |    56 |    79 |    53 ||   204
       Plate armour      |       |       |       |   247 ||   247
Dodge: Dodged            |    49 |    59 |    53 |   195 ||   356

Table legend: (Time is in decaauts)
 A = Elapsed time spent in this place.
 B = Non-inter-level travel time spent in this place.
 C = Inter-level travel time spent in this place.
 D = Time resting spent in this place.
 E = Time spent auto-exploring this place.
 F = Levels seen in this place.
 G = Mean time per level.
                   A        B        C        D        E       F      G
               +--------+--------+--------+--------+--------+-----+--------+
         Total |  13667 |  13321 |    346 |   2485 |   8497 |  13 | 1051.3 |
       Dungeon |  10865 |  10519 |    346 |   1115 |   7680 |  11 |  987.7 |
  Orcish Mines |   2801 |   2801 |      0 |   1370 |    816 |   2 | 1400.5 |
               +--------+--------+--------+--------+--------+-----+--------+

Top non-repeatable levels by time:
   Orc:2: 2289 daAuts
     D:3: 1777 daAuts
     D:9: 1632 daAuts
    D:10: 1243 daAuts
     D:6: 1118 daAuts
     D:8: 1077 daAuts
     D:7: 977 daAuts
     D:1: 972 daAuts
     D:4: 735 daAuts
     D:5: 579 daAuts
   Orc:1: 512 daAuts
     D:2: 498 daAuts
    D:11: 251 daAuts
